 Dungeon Crawl Stone Soup version 0.20.1-1-g8b1a95d (webtiles) character file.

118 Monsterracer the Chiller (level 5, -4/35 HPs)
             Began as a Merfolk Ice Elementalist on Aug 20, 2017.
             Slain by a gnoll
             ... wielding a +0 spear
              (5 damage)
             ... on level 3 of the Dungeon.
             The game lasted 00:06:15 (2343 turns).

Monsterracer the Chiller (Merfolk Ice Elementalist) Turns: 2343, Time: 00:06:16

Health: -4/35      AC:  9    Str:  8    XL:     5   Next: 2%
Magic:  3/9        EV: 13    Int: 15    God:
Gold:   103        SH:  0    Dex: 15    Spells: 1/9 levels left

rFire    . . .     SeeInvis .   m - +3 short sword (vamp)
rCold    . . .     Gourm    .   (no shield)
rNeg     + . .     Faith    .   a - +0 robe
rPois    .         Spirit   .   l - +1 helmet
rElec    .         Reflect  .   (no cloak)
rCorr    .         Harm     .   (no gloves)
MR       .....                  (no boots)
Stlth    ++........             (no amulet)
Regen    0.2/turn               o - ring of positive energy
MPRegen  0.2/turn               (no ring)

@: icy armour, slow
A: change form in water, swift swim, stealthy swim
a: no special abilities


You were on level 3 of the Dungeon.
You were not hungry.

You visited 1 branch of the dungeon, and saw 3 of its levels.

You collected 103 gold pieces.

Inventory:

Hand Weapons
 g - a +0 spear
 m - a +3 vampiric short sword (weapon)
Armour
 a - a +0 robe (worn)
 l - a +1 helmet (worn)
Jewellery
 o - a ring of positive energy (left hand)
Scrolls
 r - a scroll of identify {unknown}
Potions
 b - a potion of haste {unknown}
 d - a potion of ambrosia
 e - a potion of might {unknown}
 h - a potion of mutation {unknown}
 s - a potion of curing {unknown}
 v - a potion of lignification {unknown}
Comestibles
 c - 3 bread rations
 f - a chunk of flesh
 p - a royal jelly
 t - a meat ration


   Skills:
 + Level 0.8 Polearms
 - Level 2.6 Dodging
 - Level 2.1 Stealth
 + Level 2.9 Spellcasting
   Level 0.7 Conjurations
 + Level 0.4 Charms
 * Level 5.2 Ice Magic


You had one spell level left.
You knew the following spells:

 Your Spells              Type           Power        Failure   Level  Hunger
a - Freeze                Ice            ###.         2%          1    #......
b - Ozocubu's Armour      Chrm/Ice       ##......     19%         3    ###....
c - Summon Ice Beast      Ice/Summ       ##......     56%         4    #####..


Dungeon Overview and Level Annotations

Branches:
Dungeon (3/15)

Altars:


Message History

* * * LOW HITPOINT WARNING * * *
The gnoll hits you from afar with a spear!
* * * LOW HITPOINT WARNING * * *
Huge Dmg: -46%(-14hp) hp: 24%(7hp)
Casting: Freeze
Confirm with . or Enter, or press ? or * to list all spells.
Aiming: Freeze
Press: ? - help, Shift-Dir - straight line, f/p - gnoll
Aim: a gnoll, wielding a spear of freezing (almost dead)
You freeze the gnoll.
You kill the gnoll!
You have reached level 5!
You feel agile.
The gnoll hits you from afar with a spear!
* * * LOW HITPOINT WARNING * * *
The gnoll barely misses you.
Huge Dmg: -17%(-6hp) hp: 3%(1hp) Unknown command.
The gnoll hits you from afar with a spear.
You die...

############# #".....#....#
###......./...#######
#######>+.....÷.......(....
#.....#.#.......gg###.#####
#..)..#.###.......# #
#.........#..).@..#
##....†#.#.#..<....###
.#.....#....(..........
.#.....#........##.###.#
.'.....#.#.####....#
.#.....#.#..)...)..#
......##.######...##
..###.##.######.......
#.#....................


You could see 2 gnolls.

Vanquished Creatures
  2 gnolls (D:3)
  4 adders
  A worm (D:2)
  2 dart slugs
  4 orcs (D:3)
  2 giant cockroaches
  4 hobgoblins
  6 jackals
  7 kobolds
  A quokka (D:2)
  10 bats
  4 frilled lizards
  5 goblins
  2 rats (D:2)
54 creatures vanquished.

Notes
Turn   | Place    | Note
-------+----------+-------------------------------------------
     0 | D:1      | Monsterracer the Merfolk Ice Elementalist began the quest for the Orb.
     0 | D:1      | Reached XP level 1. HP: 13/13 MP: 3/3
   212 | D:1      | HP: 6/13 [dart slug/slug dart (5)]
   213 | D:1      | Reached XP level 2. HP: 9/19 MP: 1/5
   865 | D:2      | Reached skill level 4 in Ice Magic
  1058 | D:2      | Reached XP level 3. HP: 15/24 MP: 3/6
  1067 | D:2      | HP: 11/24 [hobgoblin (5)]
  1314 | D:2      | HP: 10/24 [adder (5)]
  1323 | D:2      | HP: 12/24 [adder (4)]
  1328 | D:2      | HP: 10/24 [poisoned by an adder]
  1336 | D:2      | HP: 9/24 [poisoned by an adder]
  1612 | D:2      | HP: 12/24 [quokka (2)]
  1613 | D:2      | Reached XP level 4. HP: 15/30 MP: 5/8
  1671 | D:2      | Learned a level 3 spell: Ozocubu's Armour
  1676 | D:2      | Learned a level 4 spell: Summon Ice Beast
  2108 | D:3      | Reached skill level 5 in Ice Magic
  2341 | D:3      | HP: 15/30 [gnoll/spear of freezing (2)]
  2341 | D:3      | HP: 7/30 [gnoll/spear (8)]
  2342 | D:3      | Reached XP level 5. HP: 8/35 MP: 3/9
  2342 | D:3      | HP: 1/35 [gnoll/spear (7)]
  2343 | D:3      | Slain by a gnoll

Skill      XL: |  1  2  3  4 |
---------------+-------------+-----
Ice Magic      | 4 5 |  5.2
Polearms       | |  0.8
Dodging        | |  2.6
Stealth        | |  2.1
Spellcasting   | |  2.9
Conjurations   | |  0.7
Charms         | |  0.4

Action                   |  1- 3 |  4- 6 || total
-------------------------+-------+-------++-------
Melee: Dagger            |    10 |       ||    10
       Short sword       |    27 |    40 ||    67
 Cast: Freeze            |    42 |    23 ||    65
       Ozocubu's Armour  |       |     1 ||     1
  Use: Potion            |     1 |       ||     1
       Scroll            |       |     6 ||     6
 Stab: Sleeping          |     3 |     5 ||     8
  Eat: Chunk             |     3 |     1 ||     4
       Bread ration      |       |     1 ||     1
       Royal jelly       |       |     1 ||     1
Armor: Robe              |    21 |    10 ||    31
Dodge: Dodged            |    70 |    42 ||   112
